 Dungeon Crawl Stone Soup version 0.25-a0-294-gea9b1ad378 (webtiles) character file.

Game seed: 9094106963700414711, levelgen mode: classic

351 Borgoz the Covered (level 6, -5/55 HPs)
             Began as a Gargoyle Berserker on Dec 19, 2019.
             Was a Priest of Trog.
             Slain by a wight
             ... wielding a cursed +5 dagger
              (6 damage)
             ... on level 3 of the Dungeon.
             The game lasted 00:03:11 (2466 turns).

Borgoz the Covered (Gargoyle Berserker)             Turns: 2466, Time: 00:03:11

Health: -5/55      AC: 10    Str: 25    XL:     6   Next: 61%
Magic:  6/6        EV: 12    Int:  8    God:    Trog [***...]
Gold:   133        SH:  0    Dex: 11    Spells: 5/5 levels left

rFire    . . .     SeeInvis .   a - +0 falchion
rCold    . . .     Gourm    .   (no shield)
rNeg     + . .     Faith    .   g - +0 ring mail
rPois    ∞         Spirit   .   (no helmet)
rElec    +         Reflect  .   (no cloak)
rCorr    .         Harm     .   (no gloves)
MR       .....                  (no boots)
Stlth    ..........             (no amulet)
HPRegen  0.18/turn              (no ring)
MPRegen  0.10/turn              (no ring)

@: berserking (expiring), very quick
A: negative energy resistance 1, electricity resistance, unbreathing,
petrification resistance, rot immunity, AC +4
a: Berserk, Trog's Hand, Renounce Religion


You were on level 3 of the Dungeon.
You worshipped Trog.
Trog was most pleased with you.
You were very hungry.

You visited 1 branch of the dungeon, and saw 3 of its levels.

You collected 133 gold pieces.

Inventory:

Hand Weapons
 a - a +0 falchion (weapon)
Armour
 g - a +0 ring mail (worn)
Jewellery
 t - an uncursed amulet of guardian spirit {unknown}
Wands
 r - a wand of flame (14)
Scrolls
 d - 2 scrolls of fear {unknown}
 f - 3 scrolls of teleportation {unknown}
 h - 5 scrolls of magic mapping {unknown}
 i - a scroll of noise {unknown}
 l - a scroll of enchant armour {unknown}
 m - a scroll of blinking {unknown}
 n - 4 scrolls of identify {unknown}
 o - 2 scrolls of remove curse {unknown}
 q - a scroll of amnesia {unknown}
 s - a scroll of random uselessness {unknown}
Potions
 b - 6 potions of curing {unknown}
 e - 2 potions of lignification {unknown}
 j - a potion of flight {unknown}
 k - a potion of brilliance {unknown}
Comestibles
 c - 11 rations


   Skills:
 - Level 3.2 Fighting
 + Level 4.3 Long Blades
 + Level 4.6 Armour
 + Level 3.4 Dodging


You had 5 spell levels left.
You didn't know any spells.
Your spell library was empty.

Dungeon Overview and Level Annotations

Branches:
Dungeon (3/15)

Altars:
Ashenzari
Vehumet
Wu Jian


Innate Abilities, Weirdness & Mutations

You are resistant to torment.
Your stone body is resilient. (AC +4)
You are immune to poison.
You resist negative energy. (rN+)
You are resistant to electric shocks. (rElec)
You can survive without breathing.
You are immune to petrification.
You are immune to rotting.


Message History

The wight misses you. The adder barely misses you.
You miss the adder. The adder bites you.
* * * LOW HITPOINT WARNING * * *
The wight barely misses you.
You hit the wight.
The wight is severely damaged.
The adder bites you but does no damage.
The wight hits you with a cursed +5 dagger.
* * * LOW HITPOINT WARNING * * *
You miss the adder. The adder bites you but does no damage.
You barely miss the wight.
The wight is severely damaged.
The wight closely misses you.
You riposte.
You closely miss the wight.
The wight is severely damaged.
The adder bites you.
* * * LOW HITPOINT WARNING * * *
You closely miss the wight.
The wight is severely damaged.
The wight hits you with a cursed +5 dagger.
You die...

....###..## ##### #..#
.# # #..# ##.###
#######..## ...$.#
..........## .....#
###.##.....## .....#
.##.#.......## .....#
.##..........####z....#
.............'.)@S...#
.##..........####...##
.##.#.......## ..##
....##.....## .##
#######...## .. ....#
##'## .# ###.# #.# ## #
#.####.### # #........#


You could see a wight and an adder.

Vanquished Creatures
  4 wights (D:3)
  4 gnolls (D:3)
  7 adders
  An ooze (D:1)
  6 worms
  3 leopard geckos
  3 orcs (D:3)
  3 giant cockroaches
  6 goblins
  8 hobgoblins
  3 jackals (D:2)
  9 kobolds
  A quokka (D:2)
  2 ball pythons
  4 bats
  5 frilled lizards
  3 rats
72 creatures vanquished.

Notes
Turn   | Place    | Note
-------+----------+-------------------------------------------
     0 | D:1      | Borgoz the Gargoyle Berserker began the quest for the Orb.
     0 | D:1      | Reached XP level 1. HP: 14/14 MP: 1/1
   146 | D:1      | Reached XP level 2. HP: 12/19 MP: 2/2
   716 | D:2      | Reached XP level 3. HP: 20/23 MP: 3/3
   738 | D:2      | Reached ** piety under Trog
  1060 | D:2      | Reached XP level 4. HP: 27/28 MP: 4/4
  1472 | D:2      | Found a shattered altar of Ashenzari.
  1661 | D:2      | Found a radiant altar of Vehumet.
  1688 | D:2      | Found an ornate altar of the Wu Jian Council.
  1950 | D:3      | Reached XP level 5. HP: 28/32 MP: 5/5
  2436 | D:3      | Reached XP level 6. HP: 21/37 MP: 6/6
  2441 | D:3      | Reached *** piety under Trog
  2465 | D:3      | HP: 1/55 [adder (2)]
  2466 | D:3      | Slain by a wight

Levels and vault maps discovered:
D:1:      mainiacjoe_arrival_reflecting_pool, layout_loops_ring
D:2:      layout_rooms, ashenzari_conservatory_becter, minitemple,
          kennysheep_decorative_pillar
D:3:      layout_loops_corners, first_ration, kennysheep_generic_room_14

Skill      XL: |  1  2  3  4  5 |
---------------+----------------+-----
Long Blades    | 3 4 |  4.3
Dodging        | 2 3 |  3.4
Armour         | 3 4 |  4.6
Fighting       | |  3.2

Action                   |  1- 3 |  4- 6 || total
-------------------------+-------+-------++-------
Melee: Falchion          |   102 |   167 ||   269
Invok: Berserk           |       |     3 ||     3
  Eat: Chunk             |     1 |     6 ||     7
Armor: Animal skin       |     6 |       ||     6
       Ring mail         |    43 |    67 ||   110
Dodge: Dodged            |    77 |    96 ||   173
       Rpst.: Falchion   |    22 |    32 ||    54

Table legend:
 A = Non-vault XP
 B = Vault XP
 C = Vault XP percentage of total XP
 D = Non-vault monster count
 E = Vault monster count
 F = Vault count percentage of total count
                 A         B        C        D         E       F
            +---------+---------+-------+---------+---------+-------
      Total |     502 |       0 |   0.0 |      72 |       0 |   0.0
            +---------+---------+-------+---------+---------+-------
        D:1 |      30 |       0 |   0.0 |      16 |       0 |   0.0
        D:2 |     127 |       0 |   0.0 |      32 |       0 |   0.0
        D:3 |     345 |       0 |   0.0 |      24 |       0 |   0.0
            +---------+---------+-------+---------+---------+-------
